| TOP OF THE 1ST |
|
Greeneville Astros batting - Pitching for Orem Owlz : LHP Lee Wendt
|
|
Pitching: LHP Lee Wendt
|
|
|
Batting: RHB Omar Amaya
|
0-0: Ball 1-0: Swinging Strike 1-1: Ball 2-1: Ball 3-1: Base on Balls
|
|
Batting: LHB Josh Corkery
|
0-0: Called Strike 0-1: Foul Ball, location: 2F 0-2: Foul Ball, location: 2F 0-2: SINGLE (Line Drive, 6MD, EV 95.6 MPH) Omar Amaya to second
|
|
Batting: RHB Chris Miller
|
0-0: Fly out, F5 (Popup, 25F, EV 93.1 MPH)
|
|
Batting: RHB Erik Smith
|
0-0: SINGLE (Line Drive, 78S, EV 95.6 MPH) Omar Amaya to third Josh Corkery to second Runner from 3rd tries for Home, SAFE, throw by LF to home
|
|
Batting: RHB Yoshitoshi Mori
|
0-0: Foul Ball, location: 2F 0-1: Ball 1-1: Ball 2-1: Swinging Strike 2-2: Foul Ball, location: 2F 2-2: Strikes out swinging
|
|
Batting: RHB Keith Goodwin
|
0-0: Swinging Strike 0-1: Ground out 4-3 (Groundball, 4, EV 104.4 MPH)
|
| Top of the 1st over - 1 run, 2 hits, 0 errors, 2 left on base; Greeneville 1 - Orem 0 |
| BOTTOM OF THE 1ST |
|
Orem Owlz batting - Pitching for Greeneville Astros : RHP Muckle Wildriver
|
|
Pitching: RHP Muckle Wildriver
|
|
|
Batting: RHB Josh Faulconer
|
0-0: Called Strike 0-1: Ball 1-1: Foul Ball, location: 2F 1-2: Strikes out swinging
|
|
Batting: RHB Nick Lombardo
|
0-0: Ball 1-0: Swinging Strike 1-1: Ball 2-1: Fly out, F9 (Flyball, 9D, EV 93.8 MPH)
|
|
Batting: LHB Matthew Bale
|
0-0: Ball 1-0: Foul Ball, location: 2F 1-1: Ball 2-1: Foul Ball, location: 2F 2-2: Strikes out swinging
|
| Bottom of the 1st over - 0 runs, 0 hits, 0 errors, 0 left on base; Greeneville 1 - Orem 0 |
| TOP OF THE 2ND |
|
Greeneville Astros batting - Pitching for Orem Owlz : LHP Lee Wendt
|
|
Batting: LHB Daigo Ishii
|
0-0: Ball 1-0: Ball 2-0: Foul Ball, location: 2F 2-1: Ball 3-1: Foul Ball, location: 2F 3-2: Base on Balls
|
|
Batting: RHB Gabe Allen
|
0-0: Ball 1-0: Called Strike 1-1: Ball 2-1: Ball 3-1: Called Strike 3-2: Fielders Choice at 2nd, U6 (Groundball, 4M, EV 95.0 MPH)
|
|
Batting: RHB Guo-ning Chen
|
0-0: Ball 1-0: Foul Ball, location: 2F 1-1: Reached on error, E6 (Groundball, 6, EV 78.1 MPH) Gabe Allen to second
|
|
Batting: RHB Omar Amaya
|
0-0: Called Strike 0-1: Ball Wild Pitch! Gabe Allen to third Guo-ning Chen to second 1-1: Ball 2-1: Swinging Strike 2-2: Strikes out swinging
|
|
Batting: LHB Josh Corkery
|
0-0: Called Strike 0-1: Ball 1-1: Ball 2-1: Swinging Strike 2-2: Ball 3-2: Base on Balls
|
|
Batting: RHB Chris Miller
|
0-0: Called Strike 0-1: Ball 1-1: Swinging Strike 1-2: Hit by Pitch Gabe Allen scores Guo-ning Chen to third Josh Corkery to second
|
|
Batting: RHB Erik Smith
|
0-0: Called Strike 0-1: Ball 1-1: Fly out, F9 (Flyball, 89S, EV 83.8 MPH)
|
| Top of the 2nd over - 1 run, 0 hits, 1 error, 3 left on base; Greeneville 2 - Orem 0 |
| BOTTOM OF THE 2ND |
|
Orem Owlz batting - Pitching for Greeneville Astros : RHP Muckle Wildriver
|
|
Batting: LHB Alberto Carrillo
|
0-0: Foul Ball, location: 2F 0-1: Fly out, F9 (Flyball, 9, EV 97.5 MPH)
|
|
Batting: RHB Danny Guevara
|
0-0: Ball 1-0: Ground out 6-3 (Groundball, 6, EV 83.1 MPH)
|
|
Batting: RHB Sean Rocha
|
0-0: Called Strike 0-1: Foul Ball, location: 2F 0-2: Strikes out looking
|
| Bottom of the 2nd over - 0 runs, 0 hits, 0 errors, 0 left on base; Greeneville 2 - Orem 0 |
| TOP OF THE 3RD |
|
Greeneville Astros batting - Pitching for Orem Owlz : LHP Lee Wendt
|
|
Batting: RHB Yoshitoshi Mori
|
0-0: Called Strike 0-1: Ball 1-1: Called Strike 1-2: Foul Ball, location: 2F 1-2: Strikes out swinging passed ball, reaches first!
|
|
Batting: RHB Keith Goodwin
|
0-0: Foul Ball, location: 2F 0-1: Called Strike 0-2: Ball 1-2: Fly out, F5 (Popup, 5, EV 61.9 MPH)
|
|
Batting: LHB Daigo Ishii
|
0-0: Called Strike 0-1: Foul Ball, location: 2F 0-2: Ball 1-2: Ball 2-2: SINGLE (Groundball, 3D, EV 108.1 MPH) Yoshitoshi Mori to second Runner from 2nd tries for 3rd, SAFE, throw by RF made to third Daigo Ishii to second
|
|
Batting: RHB Gabe Allen
|
0-0: Ball 1-0: Called Strike 1-1: Ground out 5-3 (Groundball, 5L, EV 90.0 MPH)
|
|
Batting: RHB Guo-ning Chen
|
0-0: Ball 1-0: Ball 2-0: Ball 3-0: Base on Balls
|
|
Batting: RHB Omar Amaya
|
0-0: Ball 1-0: Called Strike 1-1: Ball 2-1: Swinging Strike 2-2: Strikes out swinging
|
| Top of the 3rd over - 0 runs, 1 hit, 0 errors, 3 left on base; Greeneville 2 - Orem 0 |
| BOTTOM OF THE 3RD |
|
Orem Owlz batting - Pitching for Greeneville Astros : RHP Muckle Wildriver
|
|
Batting: RHB Trevor Kingston
|
0-0: Called Strike 0-1: Ball 1-1: Called Strike 1-2: Strikes out swinging
|
|
Batting: RHB Jayden Bain
|
0-0: Ball 1-0: Called Strike 1-1: Hit by Pitch
|
|
Batting: RHB Peter Westover
|
0-0: Foul Ball, location: 2F 0-1: Called Strike 0-2: Ball 1-2: Hit by Pitch Jayden Bain to second
|
|
Batting: RHB Josh Faulconer
|
0-0: Swinging Strike 0-1: Foul Ball, location: 2F 0-2: Ball Balk! Jayden Bain to third Peter Westover to second 1-2: Ball 2-2: Strikes out swinging
|
|
Batting: RHB Nick Lombardo
|
0-0: Swinging Strike 0-1: Called Strike 0-2: Strikes out swinging
|
| Bottom of the 3rd over - 0 runs, 0 hits, 0 errors, 2 left on base; Greeneville 2 - Orem 0 |
| TOP OF THE 4TH |
|
Greeneville Astros batting - Pitching for Orem Owlz : LHP Lee Wendt
|
|
Batting: LHB Josh Corkery
|
0-0: Called Strike 0-1: Ground out 4-3 (Groundball, 4, EV 85.6 MPH)
|
|
Batting: RHB Chris Miller
|
0-0: Swinging Strike 0-1: Ball 1-1: Ball 2-1: Fly out, F8 (Flyball, 8LD, EV 95.0 MPH)
|
|
Batting: RHB Erik Smith
|
0-0: Ball 1-0: Called Strike 1-1: Ball 2-1: Called Strike 2-2: Ball 3-2: Foul Ball, location: 2F 3-2: Strikes out swinging
|
| Top of the 4th over - 0 runs, 0 hits, 0 errors, 0 left on base; Greeneville 2 - Orem 0 |
| BOTTOM OF THE 4TH |
|
Orem Owlz batting - Pitching for Greeneville Astros : RHP Muckle Wildriver
|
|
Batting: LHB Matthew Bale
|
0-0: Ball 1-0: Fly out, F9 (Flyball, 89M, EV 85.6 MPH)
|
|
Batting: LHB Alberto Carrillo
|
0-0: Ball 1-0: Called Strike 1-1: Ball 2-1: Foul Ball, location: 2F 2-2: Strikes out looking
|
|
Batting: RHB Danny Guevara
|
0-0: Ball 1-0: Ball 2-0: Ball 3-0: Called Strike 3-1: Foul Ball, location: 2F 3-2: Base on Balls
|
|
Batting: RHB Sean Rocha
|
0-0: Ball 1-0: Foul Ball, location: 2F 1-1: Swinging Strike 1-2: Ball Danny Guevara is caught stealing 2nd base 2-4
|
| Bottom of the 4th over - 0 runs, 0 hits, 0 errors, 0 left on base; Greeneville 2 - Orem 0 |
| TOP OF THE 5TH |
|
Greeneville Astros batting - Pitching for Orem Owlz : LHP Lee Wendt
|
|
Batting: RHB Yoshitoshi Mori
|
0-0: Called Strike 0-1: Ball 1-1: Swinging Strike 1-2: Strikes out swinging
|
|
Pitching: RHP Javier Carrasco
|
|
|
Batting: RHB Keith Goodwin
|
0-0: Swinging Strike 0-1: Swinging Strike 0-2: Strikes out swinging
|
|
Batting: LHB Daigo Ishii
|
0-0: Ball 1-0: Ball 2-0: Ball 3-0: Base on Balls
|
|
Batting: RHB Gabe Allen
|
0-0: Foul Ball, location: 2F 0-1: Called Strike 0-2: Ball 1-2: Foul Ball, location: 2F 1-2: Ball 2-2: Foul Ball, location: 2F 2-2: Foul Ball, location: 2F 2-2: SINGLE (Line Drive, 34D, EV 96.9 MPH) Daigo Ishii to second
|
|
Batting: RHB Guo-ning Chen
|
0-0: SINGLE (Groundball, 6S, EV 65.6 MPH) (infield hit) Daigo Ishii to third Gabe Allen to second
|
|
Batting: RHB Omar Amaya
|
0-0: Ball 1-0: Ball 2-0: Called Strike 2-1: Ball 3-1: Base on Balls Daigo Ishii scores Gabe Allen to third Guo-ning Chen to second
|
|
Batting: LHB Josh Corkery
|
0-0: Called Strike 0-1: Foul Ball, location: 2F 0-2: Foul Ball, location: 2F 0-2: Ball 1-2: Ball 2-2: Strikes out swinging
|
| Top of the 5th over - 1 run, 2 hits, 0 errors, 3 left on base; Greeneville 3 - Orem 0 |
| BOTTOM OF THE 5TH |
|
Orem Owlz batting - Pitching for Greeneville Astros : RHP Muckle Wildriver
|
|
Batting: RHB Sean Rocha
|
0-0: Swinging Strike 0-1: Ball 1-1: Ball 2-1: Swinging Strike 2-2: Foul Ball, location: 2F 2-2: Ball 3-2: Strikes out swinging
|
|
Batting: RHB Trevor Kingston
|
0-0: Ball 1-0: Ball 2-0: Swinging Strike 2-1: Fly out, F8 (Flyball, 89M, EV 90.0 MPH)
|
|
Batting: RHB Jayden Bain
|
0-0: Ball 1-0: Called Strike 1-1: Ball 2-1: Ground out 4-3 (Groundball, 4, EV 89.4 MPH)
|
| Bottom of the 5th over - 0 runs, 0 hits, 0 errors, 0 left on base; Greeneville 3 - Orem 0 |
| TOP OF THE 6TH |
|
Greeneville Astros batting - Pitching for Orem Owlz : RHP Javier Carrasco
|
|
Batting: RHB Chris Miller
|
0-0: Ball 1-0: Ball 2-0: Ball 3-0: Base on Balls
|
|
Batting: RHB Erik Smith
|
0-0: Foul Ball, location: 2F 0-1: Ball 1-1: Ball 2-1: Ball 3-1: Foul Ball, location: 2F 3-2: Base on Balls Chris Miller to second
|
|
Pitching: RHP Jim Sawicki
|
|
|
Batting: RHB Yoshitoshi Mori
|
0-0: Called Strike 0-1: Ball 1-1: Ball 2-1: Ball 3-1: Foul Ball, location: 2F 3-2: Foul Ball, location: 2F 3-2: Foul Ball, location: 2F 3-2: Grounds into double play, 6-4-3 (Groundball, 6, EV 108.8 MPH) Chris Miller to third
|
|
Batting: RHB Keith Goodwin
|
0-0: Called Strike 0-1: 2-RUN HOME RUN (Flyball, 78XD, EV 111.9 MPH), Distance : 414 ft
|
|
Batting: LHB Daigo Ishii
|
0-0: Ball 1-0: Swinging Strike 1-1: Swinging Strike 1-2: Strikes out swinging
|
| Top of the 6th over - 2 runs, 1 hit, 0 errors, 0 left on base; Greeneville 5 - Orem 0 |
| BOTTOM OF THE 6TH |
|
Orem Owlz batting - Pitching for Greeneville Astros : RHP Muckle Wildriver
|
|
Batting: RHB Peter Westover
|
0-0: Called Strike 0-1: Ball 1-1: Ball 2-1: SINGLE (Line Drive, 34D, EV 110.0 MPH)
|
|
Batting: RHB Josh Faulconer
|
0-0: Called Strike 0-1: Ball 1-1: Called Strike 1-2: Strikes out swinging
|
|
Batting: RHB Nick Lombardo
|
0-0: Ball 1-0: Ball Peter Westover steals 2nd base 2-0: Fly out, F4 (Line Drive, 4, EV 68.8 MPH) Lined into DP, 4-6 (Line Drive, 4, EV 70.0 MPH)
|
| Bottom of the 6th over - 0 runs, 1 hit, 0 errors, 0 left on base; Greeneville 5 - Orem 0 |
| TOP OF THE 7TH |
|
Greeneville Astros batting - Pitching for Orem Owlz : RHP Jim Sawicki
|
|
Batting: RHB Gabe Allen
|
0-0: Ball 1-0: SINGLE (Line Drive, 78S, EV 91.2 MPH)
|
|
Batting: RHB Guo-ning Chen
|
0-0: Foul Ball, location: 2F 0-1: Ball Gabe Allen steals 2nd base 1-1: Ball 2-1: Ball 3-1: Ground out 6-3 (Groundball, 56, EV 106.9 MPH)
|
|
Pitching: LHP Yee Koh
|
|
|
Batting: RHB Omar Amaya
|
0-0: TRIPLE (Line Drive, 78XD, EV 103.8 MPH) Gabe Allen scores
|
|
Batting: LHB Josh Corkery
|
0-0: Ball 1-0: Called Strike 1-1: Ball 2-1: Ball Wild Pitch! Omar Amaya scores 3-1: Called Strike 3-2: Base on Balls
|
|
Batting: RHB Chris Miller
|
0-0: Ball 1-0: Ball Josh Corkery steals 2nd base 2-0: Called Strike 2-1: SINGLE (Groundball, 56D, EV 105.0 MPH) Josh Corkery to third Runner from 3rd tries for Home, SAFE, throw by LF to home
|
|
Batting: RHB Erik Smith
|
0-0: Called Strike 0-1: Swinging Strike 0-2: Ball 1-2: 2-RUN HOME RUN (Flyball, 7LD, EV 96.9 MPH), Distance : 341 ft
|
|
Pitching: RHP Kunihiro Sasaki
|
|
|
Batting: RHB Yoshitoshi Mori
|
0-0: Swinging Strike 0-1: Ball 1-1: Foul Ball, location: 2F 1-2: Strikes out swinging, 2-3 out at first.
|
|
Batting: RHB Keith Goodwin
|
0-0: Ball 1-0: Ball 2-0: Called Strike 2-1: Ball 3-1: Base on Balls
|
|
Batting: LHB Daigo Ishii
|
0-0: Called Strike 0-1: Ball 1-1: Foul Ball, location: 2F 1-2: Foul Ball, location: 2F 1-2: Ball 2-2: Strikes out looking
|
| Top of the 7th over - 5 runs, 4 hits, 0 errors, 1 left on base; Greeneville 10 - Orem 0 |
| BOTTOM OF THE 7TH |
|
Orem Owlz batting - Pitching for Greeneville Astros : RHP Muckle Wildriver
|
|
Batting: LHB Matthew Bale
|
0-0: Ball 1-0: Ball 2-0: Swinging Strike 2-1: Ball 3-1: SINGLE (Groundball, 6MS, EV 72.5 MPH) (infield hit)
|
|
Batting: LHB Alberto Carrillo
|
0-0: Ball 1-0: Foul Ball, location: 2F 1-1: Fielders Choice at 2nd, 6-4 (Groundball, 6M, EV 85.6 MPH)
|
|
Batting: RHB Danny Guevara
|
0-0: Called Strike 0-1: Ball 1-1: DOUBLE (Line Drive, 9LM, EV 101.9 MPH) Alberto Carrillo to third
|
|
Batting: RHB Sean Rocha
|
0-0: Called Strike 0-1: Foul Ball, location: 2F 0-2: Ball 1-2: Strikes out swinging
|
|
Batting: RHB Trevor Kingston
|
0-0: Ball 1-0: Ball 2-0: Swinging Strike 2-1: Foul Ball, location: 2F 2-2: Ground out 5-3 (Groundball, 56S, EV 86.9 MPH)
|
| Bottom of the 7th over - 0 runs, 2 hits, 0 errors, 2 left on base; Greeneville 10 - Orem 0 |
| TOP OF THE 8TH |
|
Greeneville Astros batting - Pitching for Orem Owlz : RHP Kunihiro Sasaki
|
|
Batting: RHB Gabe Allen
|
0-0: Called Strike 0-1: Ball 1-1: Swinging Strike 1-2: Ground out 6-3 (Groundball, 6M, EV 80.0 MPH)
|
|
Pitching: RHP Dean Aspden
|
|
|
Batting: RHB Guo-ning Chen
|
0-0: SOLO HOME RUN (Flyball, 7LD, EV 96.2 MPH), Distance : 356 ft
|
|
Batting: RHB Omar Amaya
|
0-0: Ball 1-0: Ground out 5-3 (Groundball, 56, EV 79.4 MPH)
|
|
Pinch Hitting: LHB Mark Dearth
|
0-0: SINGLE (Groundball, 56D, EV 105.6 MPH)
|
|
Batting: RHB Chris Miller
|
0-0: Ball 1-0: Ball 2-0: Ball 3-0: Base on Balls Mark Dearth to second
|
|
Batting: RHB Erik Smith
|
0-0: Ball 1-0: Ball 2-0: Called Strike 2-1: Ball 3-1: 3-RUN HOME RUN (Flyball, 7D, EV 99.4 MPH), Distance : 385 ft
|
|
Pitching: RHP Victor Padilla
|
|
|
Batting: RHB Yoshitoshi Mori
|
0-0: Foul Ball, location: 2F 0-1: Ball 1-1: Ball 2-1: Ball 3-1: Swinging Strike 3-2: Foul Ball, location: 2F 3-2: Strikes out swinging
|
| Top of the 8th over - 4 runs, 3 hits, 0 errors, 0 left on base; Greeneville 14 - Orem 0 |
| BOTTOM OF THE 8TH |
|
Orem Owlz batting - Pitching for Greeneville Astros : RHP Muckle Wildriver
|
|
Pitching: RHP Jon Davis
|
|
|
Now at 2B: Mark Dearth
|
|
|
Batting: RHB Jayden Bain
|
0-0: Ball 1-0: Ground out 4-3 (Groundball, 4, EV 108.1 MPH)
|
|
Batting: RHB Peter Westover
|
0-0: Called Strike 0-1: Ball 1-1: Called Strike 1-2: Foul Ball, location: 2F 1-2: Foul Ball, location: 2F 1-2: Ball 2-2: Strikes out swinging
|
|
Batting: RHB Josh Faulconer
|
0-0: Called Strike 0-1: Swinging Strike 0-2: Foul Ball, location: 2F 0-2: Foul Ball, location: 2F 0-2: Strikes out swinging
|
| Bottom of the 8th over - 0 runs, 0 hits, 0 errors, 0 left on base; Greeneville 14 - Orem 0 |
| TOP OF THE 9TH |
|
Greeneville Astros batting - Pitching for Orem Owlz : RHP Victor Padilla
|
|
Batting: RHB Keith Goodwin
|
0-0: Ball 1-0: Foul Ball, location: 2F 1-1: Called Strike 1-2: Ball 2-2: SOLO HOME RUN (Flyball, 78XD, EV 100.0 MPH), Distance : 428 ft
|
|
Batting: LHB Daigo Ishii
|
0-0: Ball 1-0: Ball 2-0: Ball 3-0: Base on Balls
|
|
Batting: RHB Gabe Allen
|
0-0: Ball 1-0: Ball 2-0: Foul Ball, location: 2F 2-1: Foul Ball, location: 2F 2-2: Foul Ball, location: 2F 2-2: Foul Ball, location: 2F 2-2: Foul Ball, location: 2F 2-2: Ball 3-2: Base on Balls Daigo Ishii to second
|
|
Pitching: LHP Kichizo Nakazawa
|
|
|
Batting: RHB Guo-ning Chen
|
0-0: Foul Ball, location: 2F 0-1: Ball 1-1: Foul Ball, location: 2F 1-2: Ball 2-2: Grounds into double play, 6-4-3 (Groundball, 6, EV 105.6 MPH) Daigo Ishii to third
|
|
Batting: RHB Omar Amaya
|
0-0: Called Strike 0-1: Swinging Strike 0-2: Ball 1-2: Ball 2-2: Foul Ball, location: 2F 2-2: Strikes out looking
|
| Top of the 9th over - 1 run, 1 hit, 0 errors, 1 left on base; Greeneville 15 - Orem 0 |
| BOTTOM OF THE 9TH |
|
Orem Owlz batting - Pitching for Greeneville Astros : RHP Jon Davis
|
|
Batting: RHB Nick Lombardo
|
0-0: Ground out U3 (Groundball, 13, EV 86.9 MPH)
|
|
Batting: LHB Matthew Bale
|
0-0: Ball 1-0: Fly out, F8 (Flyball, 8RD, EV 92.5 MPH)
|
|
Batting: LHB Alberto Carrillo
|
0-0: Fly out, F8 (Flyball, 8RS, EV 73.8 MPH)
|
| Bottom of the 9th over - 0 runs, 0 hits, 0 errors, 0 left on base; Greeneville 15 - Orem 0 |
|